 Dungeon Crawl Stone Soup version 0.24.0-10-g970556be89 (webtiles) character file.

Game seed: 5302603434652774843, levelgen mode: deterministic

275 Descartes the Gusty (level 6, 0/32 HPs)
             Began as a Tengu Air Elementalist on Nov 4, 2019.
             Slain by a phantom (6 damage)
             ... on level 3 of the Dungeon.
             The game lasted 00:08:59 (3412 turns).

Descartes the Gusty (Tengu Air Elementalist)        Turns: 3412, Time: 00:09:00

Health: 0/32       AC:  2    Str:  7 (8)  XL:     6   Next: 25%
Magic:  9/12       EV: 13    Int: 17 (18) God:
Gold:   139        SH:  0    Dex: 13 (14) Spells: 10/11 levels left

rFire    . . .     SeeInvis .   h - +2 dagger (venom)
rCold    . . .     Gourm    .   (no shield)
rNeg     . . .     Faith    .   a - +0 robe
rPois    .         Spirit   .   (helmet restricted)
rElec    .         Reflect  .   (no cloak)
rCorr    .         Harm     .   (no gloves)
MR       .....                  (boots unavailable)
Stlth    ++........             s - amulet of magic regeneration
HPRegen  0.10/turn              (no ring)
MPRegen  0.38/turn              (no ring)

@: no status effects
A: beak, talons 3, able to fly
a: Fly


You were on level 3 of the Dungeon.
You were not hungry.

You visited 1 branch of the dungeon, and saw 3 of its levels.
You also visited: Sewer.

You collected 139 gold pieces.

Inventory:

Hand Weapons
 h - a +2 dagger of venom (weapon)
 n - a +0 hunting sling
Missiles
 j - 62 stones (quivered)
 m - 21 poisoned darts
 p - 16 arrows
 r - 20 sling bullets
Armour
 a - a +0 robe (worn)
Jewellery
 s - an amulet of magic regeneration (around neck)
Scrolls
 e - a scroll of identify {unknown}
 g - a scroll of enchant weapon {unknown}
 k - 2 scrolls of teleportation
 l - 2 scrolls of blinking
 o - a scroll of remove curse {unknown}
Potions
 b - a potion of magic {unknown}
 i - 3 potions of degeneration
 q - a potion of mutation {unknown}
Comestibles
 c - 2 rations


   Skills:
 + Level 2.0 Armour
 + Level 3.0 Dodging
 + Level 2.9 Stealth
 * Level 3.3 Spellcasting
 * Level 3.6 Conjurations
 * Level 5.4 Air Magic


You had 10 spell levels left.
You knew the following spells:

 Your Spells              Type           Power        Failure   Level  Hunger
a - Shock                 Conj/Air       ###.         2%          1    None

Your spell library contained the following spells:

 Spells                   Type           Power        Failure   Level  Hunger
 Static Discharge         Conj/Air       ###.....     8%          3    ###....
 Swiftness                Chrm/Air       ##......     9%          2    ##.....
 Airstrike                Air            ###.......   19%         4    ####...
 Lightning Bolt           Conj/Air       ###.......   58%         5    ######.


Dungeon Overview and Level Annotations

Branches:
Dungeon (3/15)              Sewer (visited)

Altars:

Annotations:
D:3 2 transporters, hcgyg4s's ghost, amateur VSEE


Innate Abilities, Weirdness & Mutations

You have a beak for a mouth.
You have claws for feet.
You can fly continuously.


Message History

The phantom is heavily damaged.
The phantom hits you.
You barely miss the phantom.
The phantom is heavily damaged.
The phantom hits you!
* * * LOW HITPOINT WARNING * * *
The phantom blinks!
Hcgyg4s's ghost screams, "There is no future for me!"
Things that are here:
a gnoll corpse x2
Things that are here:
a +0 spear; a gnoll corpse
Things that are here:
a +0 spear; a gnoll corpse
Okay, then.
It was a potion of degeneration.
There was something very wrong with that liquid.
You feel weakened.
You feel dopey.
You feel clumsy.
It was a potion of curing.
You feel better. The phantom hits you.
You die...

...# #....##
#..#########..
#### #..†.#
#.##8.$$%.8##.
#....#
#.#©........#.
#......
#.#.#.....#.#.
#.......
#.#..#...#..#.#
#.#l...©..$.#.#
#†#s.#(..#..#.#
#W#W#.....#.#.###
#@#g........#...#
#.##8.....8##...+
#..#########....#
##.....©.....####
#####..........#
##.........#
##........#
#........#
#........#


You could see a phantom, hcgyg4s's ghost, a giant cockroach, a goblin and a
frilled lizard.

Vanquished Creatures
  A crocodile (Sewer)
  8 gnolls (D:3)
  Robin (D:2)
  2 adders
  An ooze (D:1)
  A worm (D:2)
  2 dart slugs
  A leopard gecko (D:3)
  An orc (D:3)
  7 giant cockroaches
  16 goblins
  12 hobgoblins
  7 jackals
  7 bats
  A frilled lizard (D:2)
  9 kobolds
  5 rats
82 creatures vanquished.

Notes
Turn   | Place    | Note
-------+----------+-------------------------------------------
     0 | D:1      | Descartes the Tengu Air Elementalist began the quest for
                  | the Orb.
     0 | D:1      | Reached XP level 1. HP: 10/10 MP: 4/4
   150 | D:1      | Reached XP level 2. HP: 15/15 MP: 0/6
   977 | D:1      | Reached XP level 3. HP: 19/19 MP: 3/7
  2092 | D:2      | Reached skill level 1 in Armour
  2092 | D:2      | Reached XP level 4. HP: 24/24 MP: 6/8
  2251 | D:2      | Noticed Robin
  2282 | D:2      | Killed Robin
  3003 | D:3      | Gained mutation: You can fly continuously. [Tengu growth]
  3003 | D:3      | Reached XP level 5. HP: 20/28 MP: 0/10
  3019 | D:3      | Reached skill level 5 in Air Magic
  3070 | D:3      | Found a transporter.
  3078 | D:3      | Noticed hcgyg4s's ghost (amateur VSEE)
  3080 | D:3      | Found a transporter.
  3100 | D:3      | Found a glowing drain.
  3128 | Sewer    | Entered a sewer
  3246 | Sewer    | Noticed a crocodile
  3256 | Sewer    | Killed a crocodile
  3256 | Sewer    | Reached XP level 6. HP: 32/32 MP: 5/11
  3390 | D:3      | Noticed a phantom
  3405 | D:3      | HP: 1/32 [phantom (10)]
  3412 | D:3      | Slain by a phantom

Levels and vault maps discovered:
D:1:      eino_arrival_cavern_b, layout_basic
D:2:      layout_basic, grunt_decor_resistance, serial_bayou_pond_a, uniq_robin
D:3:      layout_basic, portal_sewer_entry_f, gammafunk_ghost_arena,
          chequers_jeans

Skill      XL: |  1  2  3  4  5 |
---------------+----------------+-----
Conjurations   | 2 3 |  3.6
Armour         | 1 2 |  2.0
Spellcasting   | 3 |  3.3
Air Magic      | 5 |  5.4
Dodging        | 3 |  3.0
Stealth        | |  2.9

Action                   |  1- 3 |  4- 6 || total
-------------------------+-------+-------++-------
Melee: Unarmed           |    10 |       ||    10
       Kick              |     2 |     7 ||     9
       Peck              |     2 |     3 ||     5
       Dagger            |       |    17 ||    17
 Cast: Shock             |    82 |    84 ||   166
  Use: Scroll            |       |     2 ||     2
       Potion            |       |     2 ||     2
  Eat: Chunk             |     5 |     4 ||     9
Armor: Robe              |     1 |     4 ||     5
Dodge: Dodged            |     9 |    25 ||    34
